 Dungeon Crawl Stone Soup version 0.30-b1-2-g02819fbbbe (webtiles) character file.

Game seed: 16344557782105934878

38406 MajorAdolf the Covert (level 14, 0/153 HPs)
             Began as a Naga Wanderer on Sept 22, 2023.
             Was an Initiate of Gozag.
             Succumbed to a black mamba's poison
             ... on level 4 of the Lair of Beasts on Sept 27, 2023.
             The game lasted 00:54:25 (22979 turns).

MajorAdolf the Covert (Naga Wanderer)              Turns: 22979, Time: 00:54:26

Health: 0/153      AC: 16    Str: 21    XL:     14   Next: 2%
Magic:  35/35      EV:  8    Int: 20    God:    Gozag
Gold:   3117       SH:  8    Dex:  4    Spells: 24/30 levels left

rFire   . . .        I - +3 dagger (venom)
rCold   + . .        w - +0 kite shield
rNeg    . . .        p - +0 robe
rPois   +            E - +1 helmet of the Wilderness {+Inv Will+ Int+4 Dex-4}
rElec   .            V - +1 cloak {rC+}
rCorr   .            A - +2 pair of gloves
SInv    +            (no barding)
Will    ++...        J - amulet of regeneration Stlth
                     L - +4 ring of protection
HPRegen 1.25/turn    t - ring of magical power
MPRegen 0.24/turn

%: clarity
@: berserking, lethally poisoned (0 -> -27), studying Armour, quick
A: AC +4, large, see invisible, deformed body, poison resistance, slowness 2,
spit poison 1, naga tail 2, clarity, strong 1
a: Spit Poison, Renounce Religion, Evoke Invisibility, Potion Petition, Call
Merchant, Bribe Branch


You were on level 4 of the Lair of Beasts.
You worshipped Gozag.
Gozag was most pleased with you.
You visited 3 branches of the dungeon, and saw 18 of its levels.
You also visited: Bailey and Ice Cave.

You collected 5086 gold pieces.
You spent 349 gold pieces at shops.
You paid 1620 gold pieces to Gozag.

Inventory:

Hand Weapons
 l - a +8 dagger of electrocution
 I - a +3 dagger of venom (weapon)
Missiles
 D - 6 throwing nets
Armour
 p - a +0 robe (worn)
 w - a +0 kite shield (worn)
 A - a +2 pair of gloves (worn)
 E - the +1 helmet of the Wilderness (worn) {+Inv Will+ Int+4 Dex-4}
   (You bought it in a shop on level 9 of the Dungeon)

   Int:       It affects your intelligence (+4).
   Dex:       It affects your dexterity (-4).
   +Inv:      It lets you turn invisible.
   Will:      It increases your willpower.
 V - a +1 cloak of cold resistance (worn)
 W - the +5 ring mail "Zuzeomn" {MP+9}
   (You found it in an ice cave)

   MP:        It affects your magic capacity (+9).
Magical Staves
 a - a staff of conjuration
 e - a staff of cold
 u - a staff of fire
Jewellery
 o - a +5 ring of evasion
 t - a ring of magical power (right hand)
 z - a ring of positive energy
 C - an amulet of the acrobat
 J - an amulet of regeneration (around neck)
 L - a +4 ring of protection (left hand)
 O - a +4 ring of protection
Wands
 n - a wand of quicksilver (2)
 r - a wand of digging (15)
 P - a wand of iceblast (5)
 R - a wand of charming (2)
Scrolls
 i - a scroll of enchant armour
 y - 3 scrolls of amnesia {unknown}
 B - a scroll of magic mapping
 G - 3 scrolls of fear {unknown}
 M - a scroll of fog {unknown}
 N - 2 scrolls of silence {unknown}
 S - a scroll of enchant weapon
Potions
 f - 3 potions of curing
 k - 6 potions of haste
 m - a potion of invisibility
 q - 2 potions of resistance
 v - 3 potions of might
 x - 2 potions of attraction
 F - a potion of brilliance
 H - 2 potions of degeneration
 K - a potion of cancellation {unknown}
 T - a potion of ambrosia {unknown}
 U - a potion of mutation
Miscellaneous
 d - a piece from Xom's chessboard (15/15)
 j - a box of beasts


   Skills:
 + Level 8.6 Short Blades
 + Level 13.0 Stealth
 + Level 7.2 Shields
 + Level 8.5 Spellcasting
 + Level 10.1 Transmutations
 + Level 8.5 Fire Magic
 + Level 5.4 Earth Magic
 + Level 11.2 Poison Magic
 + Level 7.0 Evocations


You had 24 spell levels left.
You knew the following spells:

 Your Spells              Type           Power      Damage    Failure   Level
a - Sting                 Tmut/Pois      100%       1d8       1%          1
b - Ignite Poison         Fire/Tmut/Pois 48%        N/A       1%          3
c - Passwall              Tmut/Erth      32%        N/A       1%          2

Your spell library contained the following spells:

 Spells                   Type           Power      Damage    Failure   Level
 Petrify                  Tmut/Erth      39%        N/A       7%          4
 Freeze                   Ice            32%        1d5       17%         1
 Necrotise                Necr           32%        1d5       17%         1
 Shock                    Conj/Air       32%        1d5       17%         1
 Ensorcelled Hibernation  Hex/Ice        16%        N/A       26%         2
 Frozen Ramparts          Ice            16%        1d3       45%         3
 Gell's Gravitas          Tloc           8%         N/A       45%         3
 Hailstorm                Conj/Ice       8%         3d4       45%         3
 Summon Guardian Golem    Hex/Summ       8%         N/A       45%         3
 Swiftness                Air            8%         N/A       45%         3
 Teleport Other           Tloc           8%         N/A       45%         3
 Vampiric Draining        Necr           8%         2d6       45%         3
 Airstrike                Air            4%         2d(1-17)  86%         4
 Anguish                  Hex/Necr       4%         N/A       86%         4
 Summon Ice Beast         Ice/Summ       8%         N/A       86%         4
 Agony                    Necr           8%         N/A       99%         5
 Summon Mana Viper        Hex/Summ       8%         N/A       99%         5
 Dispersal                Tloc           4%         N/A       100%        6
 Enfeeble                 Hex            4%         N/A       100%        7
 Monstrous Menagerie      Summ           4%         N/A       100%        7
 Orb of Destruction       Conj           4%         9d5       100%        7
 Spellforged Servitor     Conj/Summ      4%         N/A       100%        7
 Borgnjor's Revivificati  Necr           4%         N/A       100%        8
 Necromutation            Tmut/Necr      14%        N/A       100%        8
 Chain Lightning          Conj/Air       4%         3d5       100%        9
 Death's Door             Necr           4%         N/A       100%        9
 Fire Storm               Conj/Fire      12%        8d3       100%        9
 Polar Vortex             Ice            4%         N/A       100%        9
 Shatter                  Erth           15%        3d15*     100%        9
 Simulacrum               Ice/Necr       Unusable   N/A       N/A         6

Dungeon Overview and Level Annotations

Branches:
Dungeon (12/15)            Temple (1/1) D:4            Lair (5/5) D:9
  Swamp (0/4) Lair:2       Spider (0/4) Lair:3        Slime (0/5) Lair:4
    Orc (0/2) D:10         Bailey (visited)           IceCv (visited)

Altars:
Ashenzari
Cheibriados
Dithmenos
Elyvilon
Fedhas
Gozag
Hepliaklqana
Kikubaaqudgha
Makhleb
Nemelex Xobeh
Okawaru
Qazlal
Ru
Sif Muna
Trog
Uskayaw
Vehumet
Wu Jian
Xom
Yredelemnul
Zin
The Shining One

Shops:
D:2 (   D:9 [:

Portals:
Abyss: D:12

Annotations:
D:3 1 runed translucent door, exclusion: downstairs, Crazy Yiuf
D:6 exclusion: 2 wights
D:11 exclusion: wraith
D:12 2 transporters, BraveToast's ghost, journeyman FoFi


Innate Abilities, Weirdness & Mutations

Your serpentine skin is tough. (AC +4)
You have supernaturally acute eyesight. (SInv)
Armour fits poorly on your strangely shaped body.
Your system is resistant to poisons. (rPois)
You cover ground very slowly.
You can spit poison.
You can use your snake-like lower body to constrict enemies.
You possess an exceptional clarity of mind.
Your muscles are strong. (Str +4, Int/Dex -1)


Message History

Unknown command.
You barely miss the black mamba.
The black mamba is lightly wounded.
You constrict the black mamba.
You feel very sick. The black mamba bites you!
You are more poisoned.
The black mamba poisons you! The yak gores you.
* * * LOW HITPOINT WARNING * * *
The yak gores you!
* * * LOW HITPOINT WARNING * * *
A red film seems to cover your vision as you go berserk!
You feel yourself moving faster!
You feel mighty!
You constrict the black mamba.
You feel extremely sick. You block the black mamba's attack.
The black mamba bites you.
* * * LOW HITPOINT WARNING * * *
You are lethally poisoned!
The black mamba poisons you! The yak gores you.
* * * LOW HITPOINT WARNING * * *
The yak completely misses you.
You puncture the black mamba!
The black mamba is moderately wounded.
You constrict the black mamba.
* * * LOW HITPOINT WARNING * * *
You feel very sick. You block the black mamba's attack.
You puncture the black mamba!
The black mamba is severely wounded.
You constrict the black mamba.
* * * LOW HITPOINT WARNING * * *
You feel extremely sick.
The black mamba bites you but does no damage.
The yak gores you but does no damage. The yak gores you.
* * * LOW HITPOINT WARNING * * *
You puncture the black mamba!
The black mamba is almost dead.
You constrict the black mamba.
You die...
Your body crumbles into a pile of gold.

.............................###
............................∩..#
...................##.....#...##
#......P....#.......#..###.#.##
...........##..........####..#
#......##....#...........###.##
......<##....#.....P.....###.P#
#......##......Y....#....##..##
........#...##.Y@..##....P##.#
#......#..#....^S...##.####..##
#.......######......#..## #...#
..............^.....#..P###P..#
..............................##
...............................#
..............................##
.............................P#
..............................#


You could see a black mamba and 2 yaks.

Vanquished Creatures
  Harold (D:9)
  3 hydras
  Erolcha (D:9)
  A catoblepas (Lair:4)
  3 two-headed ogres
  3 boulder beetles
  Nergalle (Lair:2)
  A skyshark (Lair:4)
  An ugly thing (D:11)
  4 manticores
  12 elephants
  A torpor snail (Lair:4)
  4 cane toads
  5 komodo dragons
  4 trolls
  2 tyrant leeches (Lair:2)
  A polar bear (Lair:4)
  8 blink frogs
  Sigmund (D:3)
  A shadow (D:9)
  5 wyverns
  A vampire (D:9)
  2 wraiths
  38 yaks
  4 basilisks
  2 swamp worms (Lair:2)
  14 vampire mosquitoes
  Edmund (D:5)
  4 acid dragons
  11 water moccasins
  A sky beast (D:7)
  10 orc warriors
  Pargi (D:4)
  5 black bears
  6 wolves (Lair:2)
  4 ogres
  8 centaurs
  A phantom (D:5)
  7 kobold brigands
  10 bullfrogs
  3 gnoll sergeants
  4 scorpions
  A cane toad simulacrum (IceCv)
  4 wyvern zombies (D:8)
  An elephant simulacrum (IceCv)
  7 killer bees (D:9)
  7 howler monkeys
  2 electric eels
  A centaur zombie (D:8)
  A hound (D:3)
  6 jellies
  A gnoll bouda (D:9)
  6 orc priests
  2 iguanas
  Ijyb (D:3)
  A sleepcap (D:6)
  10 orc wizards
  4 hell rats (Lair:3)
  Robin (D:4)
  4 howler monkey zombies (D:8)
  21 gnolls
  9 adders
  A shadow imp (D:6)
  A white imp (D:5)
  2 ufetubi
  A worm (D:3)
  3 dart slugs
  43 orcs
  3 endoplasms
  2 giant cockroaches
  22 goblins
  10 hobgoblins
  8 jackals
  23 kobolds
  7 quokkas
  4 ball pythons
  6 bats
  A rat (D:3)
427 creatures vanquished.

Vanquished Creatures (collateral kills)
  An ugly thing (IceCv)
  A death yak simulacrum (IceCv)
  A hydra simulacrum (IceCv)
3 creatures vanquished.

Vanquished Creatures (others)
  17 fungi
  15 plants
32 creatures vanquished.

Grand Total: 462 creatures vanquished

Notes
Turn   | Place    | Note
-------+----------+-------------------------------------------
     0 | D:1      | MajorAdolf the Naga Wanderer began the quest for the Orb.
     0 | D:1      | MajorAdolf set off with the following items: a +0 club, a
                  | scroll of vulnerability, a +0 leather armour, a piece from
                  | Xom's chessboard (15/15); and the following spells
                  | available to memorise: Sting, Ignite Poison, Petrify.
     0 | D:1      | Reached XP level 1. HP: 15/15 MP: 4/4
     6 | D:1      | Learned a level 1 spell: Sting
   209 | D:1      | Found a faded altar of an unknown god.
   776 | D:2      | Reached XP level 2. HP: 22/22 MP: 6/6
  1176 | D:2      | Reached skill level 1 in Stealth
  1249 | D:2      | Reached XP level 3. HP: 28/28 MP: 7/7
  1626 | D:2      | Found Qiphenna's Antique Weapon Shoppe.
  1691 | D:3      | Learned a level 3 spell: Ignite Poison
  1694 | D:3      | Learned a level 2 spell: Passwall
  1724 | D:3      | Noticed Sigmund
  1743 | D:3      | Killed Sigmund
  1744 | D:3      | Reached skill level 1 in Short Blades
  1744 | D:3      | Reached skill level 3 in Stealth
  1744 | D:3      | Reached skill level 1 in Fire Magic
  1744 | D:3      | Reached XP level 4. HP: 12/36 MP: 0/9
  1744 | D:3      | Reached XP level 5. HP: 14/42 MP: 0/10
  2042 | D:3      | Noticed Ijyb
  2048 | D:3      | Killed Ijyb
  2049 | D:3      | Reached XP level 6. HP: 44/49 MP: 2/11
  2139 | D:3      | Found an ancient bone altar of Kikubaaqudgha.
  2563 | D:3      | Found a runed translucent door.
  2564 | D:3      | Noticed Crazy Yiuf
  3194 | D:3      | Found an iron altar of Okawaru.
  3570 | D:4      | Noticed Robin
  4156 | D:4      | Killed Robin
  4157 | D:4      | Reached skill level 4 in Stealth
  4344 | D:4      | Reached XP level 7. HP: 55/55 MP: 5/13
  4529 | D:4      | Found a snail-covered altar of Cheibriados.
  4652 | D:4      | Found an opulent altar of Gozag.
  4878 | D:4      | Became a worshipper of Gozag Ym Sagoz the Greedy
  5030 | D:4      | Noticed Pargi
  5039 | D:4      | Killed Pargi
  5084 | D:4      | Found a staircase to the Ecumenical Temple.
  5090 | Temple   | Entered the Ecumenical Temple
  5176 | D:5      | Entered Level 5 of the Dungeon
  5392 | D:5      | Reached skill level 5 in Stealth
  5621 | D:5      | Reached XP level 8. HP: 59/62 MP: 10/14
  5708 | D:5      | Reached skill level 1 in Shields
  5856 | D:5      | Reached skill level 5 in Poison Magic
  5985 | D:5      | Noticed Edmund
  6011 | D:5      | Killed Edmund
  6349 | D:5      | Found a burning altar of Makhleb.
  6458 | D:5      | Reached skill level 6 in Stealth
  6762 | D:5      | Found a stormy altar of Qazlal.
  6808 | D:6      | Found a hide-covered altar of Uskayaw.
  7401 | D:6      | Reached skill level 5 in Spellcasting
  7434 | D:6      | Reached XP level 9. HP: 64/68 MP: 12/16
  7437 | D:6      | Identified the +3 war axe of Aguo {pain, Drain rElec Dex+6
                  | Stlth+}
  8297 | D:6      | Found a blossoming altar of Fedhas.
  8402 | D:6      | Found a white marble altar of Elyvilon.
  8741 | D:7      | Reached skill level 7 in Stealth
  8822 | D:7      | Found a flagged portal.
  8831 | Bailey   | Entered a bailey
  9344 | Bailey   | Found a bloodstained altar of Trog.
  9805 | D:7      | Reached skill level 5 in Short Blades
 10056 | D:7      | Reached XP level 10. HP: 75/75 MP: 18/18
 10081 | D:7      | Reached skill level 8 in Stealth
 10641 | D:8      | Reached skill level 5 in Fire Magic
 11004 | D:8      | Found a sacrificial altar of Ru.
 11604 | D:8      | Found a basalt altar of Yredelemnul.
 11794 | D:8      | Found a broken altar of Ashenzari.
 11794 | D:8      | Found a shimmering altar of Xom.
 12325 | D:9      | Noticed a two-headed ogre
 12335 | D:9      | Bought the +1 helmet of the Wilderness {+Inv Will+ Int+4
                  | Dex-4} for 349 gold pieces
 12375 | D:9      | Identified the +1 scale mail of the Chupacabra {rC+}
 12459 | D:9      | Noticed Erolcha
 12859 | D:9      | Noticed a two-headed ogre
 12860 | D:9      | Noticed Harold
 12871 | D:9      | Killed a two-headed ogre
 12872 | D:9      | Reached skill level 9 in Stealth
 12885 | D:9      | Killed Harold
 13232 | D:9      | Reached XP level 11. HP: 74/81 MP: 13/20
 13394 | D:9      | Found a staircase to the Lair.
 13541 | D:9      | Killed Erolcha
 13638 | D:9      | Killed a two-headed ogre
 13909 | D:10     | Entered Level 10 of the Dungeon
 13925 | D:10     | Reached skill level 5 in Shields
 14541 | D:9      | Reached skill level 10 in Stealth
 14584 | D:10     | Reached skill level 1 in Earth Magic
 14588 | D:9      | Gained mutation: Your flesh is heat resistant. (rF+)
                  | [potion of mutation]
 14588 | D:9      | Gained mutation: Your spells are a little harder to cast,
                  | but a little more powerful. [potion of mutation]
 14799 | D:10     | Found an ornate altar of the Wu Jian Council.
 15343 | D:10     | Found a staircase to the Orcish Mines.
 15471 | D:11     | Noticed a manticore
 15483 | D:11     | Killed a manticore
 15559 | D:11     | Noticed a boulder beetle
 15595 | D:11     | Killed a boulder beetle
 15770 | D:11     | Noticed a skeletal warrior
 15786 | D:11     | Noticed a green ugly thing
 15814 | D:11     | Killed a green ugly thing
 15906 | D:11     | Noticed a manticore
 15921 | D:11     | Killed a manticore
 15922 | D:11     | Reached XP level 12. HP: 16/88 MP: 22/22
 16062 | D:11     | Noticed a death knight
 16071 | D:12     | Reached skill level 5 in Evocations
 16072 | D:12     | Noticed a two-headed ogre
 16083 | D:12     | Killed a two-headed ogre
 16098 | D:12     | Noticed a boulder beetle
 16143 | D:12     | Killed a boulder beetle
 16210 | D:12     | Reached skill level 11 in Stealth
 16401 | D:12     | Lost mutation: Your flesh is heat resistant. (rF+) [potion
                  | of mutation]
 16401 | D:12     | Lost mutation: Your spells are a little harder to cast, but
                  | a little more powerful. [potion of mutation]
 16401 | D:12     | Gained mutation: Your spells are a little easier to cast,
                  | but a little less powerful. [potion of mutation]
 16401 | D:12     | Gained mutation: You expend magic power (3 MP) to
                  | strengthen your wands. [potion of mutation]
 16570 | D:12     | Noticed a great orb of eyes
 16571 | D:12     | Found a one-way gate to the infinite horrors of the Abyss.
 16571 | D:12     | Noticed BraveToast's ghost (journeyman FoFi)
 16643 | D:12     | Noticed a sun demon
 16644 | D:12     | Noticed a large abomination
 16648 | D:12     | Noticed a thrashing horror
 16688 | D:12     | Found a transporter.
 17076 | D:12     | Found a transporter.
 17410 | Lair:1   | Entered Level 1 of the Lair of Beasts
 17988 | Lair:1   | Reached skill level 10 in Poison Magic
 18339 | Lair:1   | Found a sparkling altar of Nemelex Xobeh.
 19035 | Lair:2   | Gained mutation: You can use your snake-like lower body to
                  | constrict enemies. [Naga growth]
 19035 | Lair:2   | Reached XP level 13. HP: 88/94 MP: 24/24
 19519 | Lair:2   | Reached skill level 12 in Stealth
 19554 | Lair:2   | Found a staircase to the Swamp.
 19571 | Lair:2   | Noticed Nergalle
 19589 | Lair:2   | Killed Nergalle
 20622 | Lair:3   | Found a hide-covered altar of Uskayaw.
 20627 | Lair:3   | Found an ornate altar of the Wu Jian Council.
 20830 | Lair:3   | Lost mutation: Your spells are a little easier to cast, but
                  | a little less powerful. [potion of mutation]
 20830 | Lair:3   | Lost mutation: You expend magic power (3 MP) to strengthen
                  | your wands. [potion of mutation]
 20830 | Lair:3   | Gained mutation: You possess an exceptional clarity of
                  | mind. [potion of mutation]
 20830 | Lair:3   | Gained mutation: Your muscles are strong. (Str +4, Int/Dex
                  | -1) [potion of mutation]
 20934 | Lair:3   | Found a hole to the Spider Nest.
 21227 | Lair:4   | Found a frozen archway.
 21310 | IceCv    | Entered an ice cave
 21317 | IceCv    | Reached skill level 5 in Earth Magic
 21439 | IceCv    | Found a transporter.
 21468 | IceCv    | Identified the +5 ring mail "Zuzeomn" {MP+9}
 21504 | IceCv    | Found a transporter.
 21523 | IceCv    | Got the Writings on Snow
 21787 | Lair:4   | Found a staircase to the Slime Pits.
 21878 | Lair:4   | Reached skill level 10 in Transmutations
 21952 | Lair:4   | Identified the +2 chain mail "Hew Otuf" {Str+4}
 22660 | Lair:4   | Reached XP level 14. HP: 64/102 MP: 26/26
 22781 | Lair:5   | Entered Level 5 of the Lair of Beasts
 22906 | Lair:4   | Reached skill level 13 in Stealth
 22978 | Lair:4   | HP: 3/153 [yak (6)]
 22979 | Lair:4   | Succumbed to a black mamba's poison

Illustrated notes

Levels and vault maps discovered:
D:1:      lemuel_arrival_muddy, layout_basic, serial_rivers,
          chequers_serial_rivers_micro_a, chequers_serial_rivers_small_b,
          chequers_serial_rivers_small_3, chequers_serial_rivers_micro_c,
          hellmonk_ecumenical_altar_run_dry, minivault_27
D:2:      layout_basic, serial_shops, shop, corexii_leaking_fountain,
          minmay_tromino_v4_a
D:3:      layout_basic, okawaru_altar_gauntlet_db, kiku_gazebo_pond_becter,
          minmay_box_of_dots, uniq_ijyb, uniq_crazy_yiuf_cottage, uniq_sigmund
D:4:      layout_rooms, mainiacjoe_overflow_boulevard, kennysheep_mini,
          minmay_temple_entry_fiery, grunt_ministairs_6, uniq_robin, uniq_pargi
D:5:      layout_loops_corners, bloody_makhleb, marbit_many_paths,
          minmay_splitting_lines, hangedman_decor_peaks_small,
          due_unseen_surprise, uniq_edmund
D:6:      minmay_recursive_quarters, layout_basic, fedhas_altar_1,
          amcnicky_altar_gilded, nicolae_elyvilon_temple_path
D:7:      layout_loops_ring, enter_bailey_8, roderic_serpentine_path,
          grunt_tough_drop
D:8:      layout_basic, nicolae_ru_path_of_blood,
          nicolae_yredelemnul_corpse_copse, nicolae_overflow_two_pavilions
D:9:      layout_loops_corners, lair_entry_dummy, uniq_erolcha, uniq_harold
D:10:     layout_cave_pools, nicolae_wu_jian_wuxing_cycle, david_orc_4,
          serial_bayou_crossing
D:11:     layout_roguey
D:12:     layout_basic, gammafunk_ghost_abyssal_escape, nicolae_sextant
Temple:   hellmonk_temple_two_chambers
Lair:1:   layout_cave_pods, basic_altar, grunt_megastairs_1
Lair:2:   layout_cellular_growth, minmay_swamp_entry_worms, uniq_nergalle
Lair:3:   layout_regular_city, spider_nest_entry_web_field,
          nzn_masters_of_martial_movement
Lair:4:   layout_regular_city, nicolae_slime_entry_field_trip,
          portal_ice_cave_entry_pillars_1, gauntlet_entry_generic
Lair:5:   due_jungle_book, layout_hall_layers, hangedman_lair_generics_rect

Skill      XL: |  1  2  3  4  5  6  7  8  9 10 11 12 13 14 |
---------------+-------------------------------------------+-----
Poison Magic   | 2 3 4 5 6 8 9 10 11 | 11.2
Stealth        | 1 3 4 5 6 7 9 10 11 12 13 | 13.0
Short Blades   | 1 2 3 4 5 6 7 8 |  8.6
Fire Magic     | 1 2 3 4 5 6 7 8 |  8.5
Spellcasting   | 4 5 6 7 8 |  8.5
Transmutations | 6 7 8 9 10 | 10.1
Shields        | 2 3 4 5 6 7 |  7.2
Evocations     | 2 3 4 5 7 |  7.0
Earth Magic    | 2 4 5 |  5.4

Action                     |  1- 3 |  4- 6 |  7- 9 | 10-12 | 13-15 || total
---------------------------+-------+-------+-------+-------+-------++-------
  Melee: Spear             |     1 |       |       |       |       ||     1
         Dagger            |     8 |    40 |    15 |   740 |   274 ||  1077
         Short sword       |       |       |   306 |     7 |       ||   313
         Punch             |       |       |     3 |       |       ||     3
         Constrict         |       |       |       |       |    40 ||    40
   Cast: Sting             |    30 |    89 |    11 |     9 |       ||   139
         Ignite Poison     |       |     5 |    65 |   132 |    88 ||   290
 Invoke: Call Merchant     |       |       |       |     2 |       ||     2
Ability: Spit Poison       |    18 |     6 |    10 |    17 |     1 ||    52
  Evoke: Wand              |       |       |       |       |     7 ||     7
         Box of beasts     |       |       |       |       |     1 ||     1
    Use: Potion            |     2 |       |     5 |    19 |     4 ||    30
         Scroll            |       |     1 |    12 |     8 |    10 ||    31
   Stab: Sleeping          |       |     4 |     7 |    17 |     7 ||    35
         Distracted        |       |       |       |     3 |       ||     3
 Armour: Leather armour    |    22 |       |       |       |       ||    22
         Robe              |       |    34 |    94 |   227 |   143 ||   498
         Skin              |       |       |       |    50 |    16 ||    66
  Dodge: Dodged            |    30 |    99 |   232 |   467 |   168 ||   996
  Block: Kite shield       |       |       |    79 |   338 |   153 ||   570
